Map: Submarine LE

Players

ShoWTimE - Winner!

  • Race: Protoss Protoss
  • Spawn Location: 5:00

Neeblet (Neeb)

  • Race: Protoss Protoss
  • Spawn Location: 11:00

Event: StayAtHomestory Cup #2

VOD

Have the link to the VOD?

Description

Time

  • Played on: June 11, 2020, 4:49 p.m.
  • Length: 11:51

All games in this series

Show
View Real Time Build Order
Export as new Build Order

ShoWTimE Protoss - Winner!

Build Orders: Zealot Archon 

Get SALT Encoding   

  12  0:00  Probe  
  13  0:12  Probe  
  14  0:17  Pylon  
  14  0:24  Probe  
  15  0:32  Probe  
  15  0:36  Gateway  
  15  0:40  Probe  
  16  0:46  Assimilator  
  17  0:51  Probe  
  17  0:54  Assimilator  
  18  0:59  Probe  
  19  1:07  Probe  
  19  1:08  Gateway  
  19  1:17  Probe  
  20  1:24  Cybernetics Core  
  21  1:29  Probe  
  22  1:36  Pylon  
  22  1:41  Probe  
  23  1:51  Warp Gate  
  23  1:54  Probe  
  23  2:00  Adept x2  
  28  2:06  Probe  
  29  2:12  Pylon  
  29  2:30  Adept x2  
  33  2:48  Nexus  
  33  3:00  Adept  
  33  3:02  Adept  
  37  3:06  Pylon  
  37  3:10  Probe  
  38  3:22  Probe  
  38  3:24  Shield Battery  
  39  3:36  Probe  
  39  3:39  Adept x2  
  44  3:43  Robotics Facility  
  44  3:48  Probe  
  43  4:00  Sentry x2, Probe  
  49  4:02  Probe  
  47  4:10  Probe  
  47  4:11  Probe  
  47  4:13  Shield Battery  
  45  4:18  Probe  
  45  4:19  Probe  
  45  4:20  Phoenix  
  45  4:23  Stalker  
  49  4:26  Probe  
  49  4:29  Probe  
  50  4:38  Probe x2  
  51  4:39  Stalker  
  51  4:44  Phoenix  
  51  4:45  Observer  
  52  4:46  Probe  
  52  4:50  Stalker  
  52  4:51  Probe  
  56  4:53  Pylon  
  56  4:55  Probe  
  57  5:03  Probe  
  57  5:06  Stalker  
  54  5:07  Probe  
  54  5:12  Probe  
  55  5:15  Probe  
  55  5:17  Forge  
  55  5:20  Probe  
  57  5:21  Assimilator  
  57  5:23  Probe  
  57  5:25  Sentry  
  61  5:29  Probe  
  61  5:30  Protoss Ground Weapons Level 1  
  61  5:33  Probe  
  61  5:35  Immortal  
  67  5:41  Probe, Pylon  
  68  5:44  Assimilator  
  68  5:49  Stalker  
  70  5:55  Phoenix  
  70  5:58  Twilight Council  
  70  6:04  Immortal  
  70  6:21  Gateway  
  70  6:22  Gateway  
  70  6:26  Charge  
  70  6:27  Gateway x2  
  70  6:31  Pylon  
  70  6:38  Templar Archives  
  70  6:48  Gateway  
  70  6:50  Gateway  
  69  7:03  Probe x2  
  66  7:16  High Templar  
  66  7:17  High Templar  
  66  7:18  Pylon  
  66  7:19  Zealot x2  
  74  7:22  Warp Prism  
  74  7:23  Archon  
  74  7:27  Probe x2, Pylon  
  78  7:35  High Templar x2  
  79  7:37  Observer  
  79  7:40  Archon  
  79  7:45  Zealot x4  
  87  7:52  Zealot, Pylon  
  87  7:53  Zealot  
  91  8:05  Nexus  
  91  8:15  Zealot x2  
  91  8:19  Pylon  
  95  8:22  High Templar x3  
  95  8:23  High Templar  
  103  8:27  Archon  
  103  8:28  Archon, Zealot  
  105  8:35  Pylon  
  105  8:39  Pylon  
  105  8:41  Pylon  
  105  8:42  Adept  
  105  8:48  Zealot  
  106  9:03  Zealot x3  
  106  9:09  Zealot x2  
  102  9:12  Zealot  
  80  9:18  Zealot  
  74  9:27  Zealot x3  
  74  9:32  High Templar x2  
  74  9:36  Archon  
  74  9:37  High Templar x3  
  84  9:40  High Templar x2, Zealot  
  84  9:45  Archon  
  84  9:50  High Templar x2  
  84  9:51  Zealot  
  90  9:54  Archon  
  88  10:12  Zealot x6  
  88  10:28  Zealot x3  
  88  10:33  High Templar x2, Zealot x3  
  104  10:37  Archon  
  104  10:46  Zealot  
  104  10:47  Zealot  
  104  10:48  Zealot  
  110  10:53  Zealot x2  
  86  11:05  High Templar x2, Zealot x3  
  86  11:09  Archon  
  96  11:13  High Templar x2  
  96  11:14  Zealot  
  96  11:18  Archon  
  102  11:21  Zealot  
  88  11:39  Zealot x6  
Show
View Real Time Build Order
Export as new Build Order

Neeblet Protoss 

Build Orders: Oracle Opening 

Get SALT Encoding   

  12  0:00  Probe  
  13  0:12  Probe  
  14  0:17  Pylon  
  14  0:24  Probe  
  15  0:32  Probe  
  15  0:38  Gateway  
  15  0:40  Probe  
  16  0:46  Assimilator  
  17  0:51  Probe  
  17  0:55  Assimilator  
  18  0:59  Probe  
  19  1:07  Gateway  
  19  1:08  Probe  
  19  1:18  Probe  
  21  1:27  Cybernetics Core  
  21  1:30  Probe  
  22  1:35  Pylon  
  22  1:43  Probe  
  23  1:55  Probe  
  24  2:03  Warp Gate, Stalker x2  
  24  2:07  Probe  
  29  2:15  Pylon  
  29  2:22  Probe  
  30  2:32  Stargate  
  30  2:47  Stalker  
  30  2:48  Stalker  
  34  3:01  Shield Battery  
  34  3:10  Oracle  
  34  3:15  Nexus  
  34  3:23  Probe  
  37  3:36  Pylon  
  37  3:37  Probe  
  38  3:49  Probe  
  38  3:50  Oracle  
  42  4:00  Shield Battery  
  42  4:02  Probe  
  39  4:14  Probe  
  39  4:16  Stalker x2  
  44  4:23  Twilight Council  
  44  4:25  Shield Battery  
  44  4:26  Probe  
  44  4:30  Probe  
  44  4:38  Probe  
  44  4:42  Probe  
  44  4:45  Stalker  
  46  4:46  Stalker  
  46  4:48  Blink  
  46  4:50  Probe  
  49  4:54  Probe  
  50  5:00  Probe  
  50  5:03  Probe  
  52  5:08  Probe  
  52  5:11  Probe  
  53  5:16  Probe  
  53  5:20  Probe  
  55  5:23  Gateway  
  55  5:26  Gateway  
  56  5:28  Probe  
  56  5:32  Probe  
  56  5:35  Assimilator  
  58  5:40  Probe  
  59  5:45  Probe  
  59  5:46  Pylon  
  59  5:47  Sentry, Pylon  
  62  5:51  Pylon  
  62  6:01  Probe  
  62  6:04  Probe, Stalker  
  61  6:13  Probe  
  61  6:16  Probe  
  62  6:18  Stalker x2  
  62  6:25  Probe  
  67  6:27  Nexus  
  67  6:29  Nexus  
  67  6:37  Sentry, Probe  
  67  6:38  Sentry  
  72  6:41  Forge, Charge, Probe  
  72  6:45  Protoss Ground Weapons Level 1  
  73  6:49  Probe  
  74  6:56  Probe  
  75  7:13  Gateway  
  75  7:15  Gateway  
  73  7:19  Gateway  
  73  7:20  Gateway, Pylon  
  73  7:21  Stalker x2  
  75  7:26  Stalker  
  77  7:34  Probe x2  
  77  7:36  Stalker  
  79  7:39  Pylon  
  79  7:43  Probe  
  80  7:45  Shield Battery  
  80  7:47  Probe  
  80  7:49  Zealot  
  80  7:50  Zealot  
  85  7:57  Assimilator  
  85  7:58  Probe  
  87  8:12  Zealot x6  
  98  8:17  Pylon  
  98  8:28  Zealot x2  
  98  8:33  Templar Archives  
  100  8:35  Zealot x4  
  100  8:40  Pylon  
  108  8:46  Zealot  
  108  8:47  Zealot  
  112  8:51  Probe  
  112  8:52  Probe  
  112  8:53  Probe  
  112  8:55  Zealot x2  
  117  9:02  Zealot  
  117  9:03  Zealot x2  
  113  9:10  Zealot x3  
  113  9:15  Zealot  
  113  9:16  Zealot  
  85  9:24  Zealot  
  85  9:25  Zealot x2  
  81  9:32  High Templar x2, Zealot  
  81  9:38  Archon, High Templar x2, Shield Battery  
  89  9:42  Robotics Facility  
  89  9:44  Archon  
  91  9:45  Zealot x3  
  91  9:49  Zealot  
  99  10:00  Probe  
  99  10:05  Zealot x4  
  104  10:11  High Templar x2  
  104  10:12  Zealot x2  
  104  10:19  Archon  
  104  10:28  Zealot x4  
  100  10:40  Zealot  
  100  10:41  Zealot  
  104  10:46  Zealot x2  
  108  10:50  High Templar  
  108  10:51  High Templar  
  108  10:55  Archon, Zealot x2  
  106  11:03  Zealot x2  
  96  11:06  Immortal  
  100  11:12  High Templar x2  
  100  11:16  Archon  
  100  11:17  Zealot x3  
  110  11:21  Assimilator  
  110  11:29  Zealot x3  
  78  11:43  Zealot x2, Stalker  
Tags
 
Add a new tag
Caveats
  • Supply blocks, unpowered buildings, or Contaminate may cause inaccurate times.
  • Supply counts are checked every 10 seconds.